Unix xNetHack Version 8.0.0 - last build Mar 23 2024 02:42:02 (1964348d4f5f1cf1067ea9968e02252fcc83c468). Game began 2024-03-28 06:44:26, ended 2024-03-28 07:16:55. Catomat, neutral female human Wizard # ------------ --.------- |..........| |........| |..........| |........| ####...........| |........| |..........| |...)....| |..........-# |........| ------------#####.........| #0###########0########## --------%- #@# # ## # f # ## # # ###### ##----.------- #|..........| #..........<| |..........| ------------ Catomat the Conjurer St:12 Dx:17 Co:10 In:18 Wi:11 Ch:11 Neutral S:885 Dlvl:5 $:77 HP:0(34) Pw:28(36) AC:8 Exp:4 T:1982 Latest messages: The spell misses the dwarf zombie. You don't have enough energy to cast that spell. You hit the dwarf zombie. The dwarf zombie scratches you! What do you want to wield? [- adC or ?*] a - a blessed +1 quarterstaff (weapon in hands) {40}. You destroy the dwarf zombie! There is a doorway here. You see here a dwarf corpse. You see here a fox corpse. There is a fox corpse here; eat it? [ynq] (n) Blecch! Rotten food! You feel rather light headed. You finish eating the fox corpse. You feel less confused now. You see here a food ration. p - a food ration {20} (4 in total). You see here 7 wooden darts. This door is locked. In what direction? You kick the door. The door crashes open! You see here a key. L - a key {3}. You are beginning to feel hungry. What do you want to eat? [hprAK or ?*] This pancake is delicious! You no longer feel hungry. You finish eating the pancake. With great effort you move the boulder. With great effort you move the boulder. The kitten just misses! What do you want to wield? [- adC or ?*] d - 2 runed daggers (wielded) {20}. The kitten bites! You begin bashing monsters with your runed daggers. You miss the kitten. The kitten bites! The kitten bites! You gore the kitten. The kitten bites! The kitten bites! You miss the kitten. The kitten bites! The kitten bites! In what direction? The kitten bites! You die... Do you want your possessions identified? [ynq] (y) Do you want to see your attributes? [ynq] (y) Inventory: Inventory: 330/600 weight (21/52 slots) Coins $ - 77 gold pieces {1} Weapons C - a +0 dagger {10} d - 2 +0 elven daggers (wielded) {20} a - a blessed +1 quarterstaff {40} Armor l - an uncursed +0 orcish helm (being worn) {23} E - a cursed -2 pair of fumble boots {20} G - an uncursed +0 pair of speed boots {20} b - an uncursed +0 cloak of magic resistance (being worn) {8} Comestibles h - 2 uncursed candy bars labeled "Om-nom" {4} p - 4 uncursed food rations {80} r - an uncursed tripe ration {10} A - an uncursed lichen corpse {20} Scrolls H - a cursed scroll of confuse monster {5} m - an uncursed scroll of identify {5} w - an uncursed scroll of teleportation {5} Potions j - an uncursed potion of blindness named smoky {20} y - an uncursed potion of restore ability {20} Rings k - an uncursed ring of shock resistance {3} Wands J - a cursed wand of sleep (0:8) {7} Tools g - a magic marker (0:60) {2} L - an uncursed skeleton key {3} s - an uncursed stethoscope {4} Catomat the Wizard's attributes: Background: You were a Conjurer, a level 4 female human Wizard. You were neutral, nominally on a mission for Thoth who was opposed by Ptah (lawful) and Anhur (chaotic). You were heterosexual. You were in the Dungeons of Doom, on level 5. You entered the dungeon 1982 turns ago. You had 152 experience points, 8 more were needed to attain level 5. Your score was 885 before end-of-game adjustments. Basics: You had 0 out of 34 hit points. You had 28 out of 36 energy points (spell power). Your armor class was 8. Your wallet contained 77 zorkmids. Autopickup was on for '$"?!=/' plus thrown. Final Characteristics: Your strength was 12 (limit:18/100). Your dexterity was 17 (limit:18). Your constitution was 10 (limit:18). Your intelligence was 18 (limit:18). Your wisdom was 11 (limit:18). Your charisma was 11 (limit:18). Final Status: You were not hungry. You were unencumbered. You were wielding daggers. You were unskilled in dagger. Final Attributes: You were devoutly aligned. You were magic-protected. You were warded. You are dead. Miscellaneous: You never encountered a bones level. Total elapsed playing time was 30 minutes and 48 seconds. Major events: Turn 1: Catomat the neutral female human Wizard entered the dungeon 618: entered the Gnomish Mines 849: attained the rank of Conjurer (level 3) 1982: killed by a kitten Vanquished creatures: a rock piercer a gray ooze a floating eye a homunculus 2 hill orcs an orc zombie a dwarf zombie a werejackal a coyote 2 hobbits a giant rat 2 cave spiders a brown mold a yellow mold a gecko 3 jackals 2 foxes a kobold 3 goblins a grid bug 2 bats 3 lichens a newt 34 creatures vanquished. No species were genocided or became extinct. Voluntary challenges: You were an atheist. You read items or engraved 2 times. You never genocided any monsters. You never polymorphed an object. You never changed form. You never touched an artifact. You used no wishes. You never scared an enemy with impunity. You were celibate. You never generated conflict. Achievements: You entered the Gnomish Mines. You entered a shop. You attained the rank of Conjurer. Dungeon overview: The Dungeons of Doom: levels 1 to 5 Level 1: A grave. Level 2: A general store. Stairs down to The Gnomish Mines. Level 3: Many fountains. Level 4: "vault, stash" Some fountains. Level 5: <- You were here. Final resting place for you, killed by a kitten. The Gnomish Mines: Level 3: Game over: __________ / \ / REST \ / IN \ / PEACE \ / \ | Catomat | | 77 Au | | killed by a | | kitten | | | | | | 2024 | *| * * * | * _________)/\\_//(\/(/\)/\//\/|_)_______ Goodbye Catomat the Wizard... You died in The Dungeons of Doom on dungeon level 5 with 878 points, and 77 pieces of gold, after 1982 moves. You were level 4 with a maximum of 34 hit points when you died.